 Dungeon Crawl Stone Soup version 0.32-a0-893-gf85d74f360 (webtiles) character file.

Game seed: 4058340264620442082

23 Autsider the Trooper (level 2, -1/27 HPs)
             Began as a Mountain Dwarf Fighter on Apr 3, 2024.
             Slain by a gnoll
             ... wielding a +0 club
              (8 damage)
             ... on level 1 of the Dungeon.
             The game lasted 00:00:51 (184 turns).

Autsider the Trooper (Mountain Dwarf Fighter)        Turns: 184, Time: 00:00:51

Health: -1/27      AC:  8    Str: 18    XL:     2   Next: 72%
Magic:  2/2        EV:  8    Int:  8    God:
Gold:   46         SH:  4    Dex:  9    Spells: 1/1 levels left

rFire   . . .        a - +0 war axe
rCold   . . .        c - +0 buckler
rNeg    . . .        b - +0 scale mail
rPois   .            (no helmet)
rElec   .            (no cloak)
rCorr   .            e - +0 pair of gloves
SInv    .            (no boots)
Will    .....        (no amulet) Stlth
                     (no ring)
HPRegen 0.24/turn    (no ring)
MPRegen 0.08/turn

%: no passive effects
@: no status effects
A: runic magic, artefact enchanting
a: no special abilities


You were on level 1 of the Dungeon.
You visited 1 branch of the dungeon, and saw 1 of its levels.

You collected 46 gold pieces.

Inventory:

Hand Weapons
 a - a +0 war axe (weapon)
Armour
 b - a +0 scale mail (worn)
 c - a +0 buckler (worn)
 e - a +0 pair of gloves (worn)
Potions
 d - a potion of might
 f - a potion of haste {unknown}


   Skills:
 * Level 3.8 Fighting
 + Level 2.8 Axes
 + Level 3.5 Armour
 + Level 3.5 Shields


You had one spell level left.
You didn't know any spells.
Your spell library was empty.

Dungeon Overview and Level Annotations

Branches:
Dungeon (1/15)

Altars:


Innate Abilities, Weirdness & Mutations

Your spellcasting is much less encumbered by armour.
You can use scrolls of enchantment on lesser artefacts.


Message History

You hit the jackal.
You kill the jackal!
You closely miss the jackal. x2; The jackal barely misses you.
The jackal bites you. x2; The jackal barely misses you.
You hit the jackal but do no damage.
The jackal is moderately wounded.
You slash the jackal!
You kill the jackal!
The jackal barely misses you.
The jackal bites you but does no damage.
A goblin comes into view. It is wielding a +0 club.
The goblin shouts!
You slash the jackal!
You kill the jackal!
You barely miss the dart slug. The dart slug launches a dart at you.
The slug dart misses you.
You hit the gnoll.
The gnoll is heavily wounded.
You hit the dart slug. The gnoll closely misses you.
The dart slug launches a dart at you. The slug dart hits you.
The jackal bites you.
* * * LOW HITPOINT WARNING * * *
You are too injured to fight recklessly!
You are too injured to fight recklessly!
The gnoll hits you with a +0 club.
* * * LOW HITPOINT WARNING * * *
There is a stone staircase leading down, spattered with blood here.
The gnoll hits you with a +0 club.
* * * LOW HITPOINT WARNING * * *
The jackal closely misses you.
The dart slug briefly extends its eye-stalks.
Found an escape hatch in the floor.
The gnoll attacks as it pursues you! The gnoll hits you but does no damage.
You hit the gnoll.
The gnoll is severely wounded.
The gnoll hits you with a +0 club.
* * * LOW HITPOINT WARNING * * *
The gnoll hits you with a +0 club!
You die...

...##........††#.####(
...##.................
##.............##.....
# ....................
# #..................
# ...........#.##....
# .............# . #
...........##### #
..........ghg@.# #
..##......†###......>
# #.........#..
....... #
.............####... #
###.....g...... .. #
#..........#.# . #
##.........# # #
##........#


You could see a gnoll, a jackal and a hobgoblin.

Vanquished Creatures
  2 dart slugs (D:1)
  2 ball pythons (D:1)
  A bat (D:1)
  A giant cockroach (D:1)
  A goblin (D:1)
  2 hobgoblins (D:1)
  5 jackals (D:1)
  A frilled lizard (D:1)
15 creatures vanquished.

Notes
Turn   | Place    | Note
-------+----------+-------------------------------------------
     0 | D:1      | Autsider the Mountain Dwarf Fighter began the quest for the
                  | Orb.
     0 | D:1      | Reached XP level 1. HP: 19/19 MP: 1/1
    82 | D:1      | Reached XP level 2. HP: 25/26 MP: 2/2
   184 | D:1      | Slain by a gnoll

Illustrated notes

Levels and vault maps discovered:
D:1:      psy_arrival_statuary, layout_rooms, serial_shops,
          nicolae_lakefront_shop, minmay_lizard_pond

Action                     || total
---------------------------++-------
  Melee: War axe           ||    33
 Armour: Scale mail        ||    45
  Dodge: Dodged            ||    20
  Block: Buckler           ||     7

Table legend: (Time is in decaauts)
 A = Elapsed time spent in this place.
 B = Non-inter-level travel time spent in this place.
 C = Inter-level travel time spent in this place.
 D = Time resting spent in this place.
 E = Time spent auto-exploring this place.
 F = Levels seen in this place.
 G = Mean time per level.
                   A        B        C        D        E       F      G
               +--------+--------+--------+--------+--------+-----+--------+
         Total |    196 |    196 |      0 |      0 |     70 |   1 |  196.0 |
       Dungeon |    196 |    196 |      0 |      0 |     70 |   1 |  196.0 |
               +--------+--------+--------+--------+--------+-----+--------+

Top non-repeatable levels by time:
     D:1: 196 daAuts
